 Dungeon Crawl Stone Soup version 0.24.1-14-gf8d2b509d9 (webtiles) character file.

Game seed: 7834856489677926290, levelgen mode: deterministic

32 Spinowolf the Ruffian (level 3, -1/28 HPs)
             Began as a Draconian Transmuter on Nov 16, 2021.
             Was an Initiate of Wu Jian.
             Slain by an orc wizard
             ... wielding a +0 dagger
              (7 damage)
             ... on level 3 of the Dungeon.
             The game lasted 00:17:34 (1089 turns).

Spinowolf the Ruffian (Draconian Transmuter)        Turns: 1089, Time: 00:17:35

Health: -1/28      AC:  5    Str: 12    XL:     3   Next: 10%
Magic:  4/5        EV: 12    Int: 12    God:    Wu Jian [......]
Gold:   33         SH:  0    Dex: 11    Spells: 5/6 levels left

rFire    . . .     SeeInvis .   e - +1 dagger
rCold    . . .     Gourm    .   (no shield)
rNeg     . . .     Faith    .   (armour unavailable)
rPois    +         Spirit   .   (helmet restricted)
rElec    .         Reflect  .   (no cloak)
rCorr    .         Harm     .   (no gloves)
MR       .....                  (no boots)
Stlth    +.........             (no amulet)
HPRegen  0.09/turn              (no ring)
MPRegen  0.09/turn              (no ring)

@: confused
A: unfitting armour, dopey 1, low mp 1, poison resistance, cold-blooded, AC +5
a: Renounce Religion


You were on level 3 of the Dungeon.
You worshipped Wu Jian.
Wu Jian was noncommittal.
You were not hungry.

You visited 1 branch of the dungeon, and saw 3 of its levels.

You collected 33 gold pieces.

Inventory:

Hand Weapons
 e - a +1 dagger (weapon)
Missiles
 a - 12 arrows
Wands
 f - a wand of flame (13)
Scrolls
 d - a scroll of identify {unknown}
Comestibles
 c - 2 rations


   Skills:
 + Level 1.1 Fighting
 + Level 0.2 Short Blades
 + Level 2.0 Dodging
 + Level 3.5 Unarmed Combat
 + Level 2.2 Spellcasting
 + Level 2.5 Transmutations


You had 5 spell levels left.
You knew the following spells:

 Your Spells              Type           Power        Failure   Level  Hunger
a - Beastly Appendage     Tmut           #.....       10%         1    ##.....

Your spell library contained the following spells:

 Spells                   Type           Power        Failure   Level  Hunger
 Sticks to Snakes         Tmut           #.......     14%         2    ###....
 Spider Form              Tmut/Pois      #.........   43%         3    ####...
 Ice Form                 Ice/Tmut       #.......     85%         4    #####..
 Blade Hands              Tmut           #.........   95%         5    ######.


Dungeon Overview and Level Annotations

Branches:
Dungeon (2/15)

Altars:
Wu Jian


Innate Abilities, Weirdness & Mutations

Your plain brown scales are hard. (AC +5)
You cannot fit into any form of body armour.
You are cold-blooded and may be slowed by cold attacks.
You are dopey. (Int -2)
Your magical capacity is low. (-10% MP)
Your system is resistant to poisons. (rPois)


Message History

The Council accepts your kill.
Your Dodging skill increases to level 2!
The giant cockroach waves its antennae.
The giant cockroach bites you but does no damage.
You hit the giant cockroach.
The giant cockroach is severely wounded.
The giant cockroach bites you but does no damage.
You hit the giant cockroach.
You kill the giant cockroach!
The Council accepts your kill.
Your horns disappear.
The orc barely misses you.
Items here: ( ))) ††† You barely miss the orc.
You tail-slap the orc.
The orc is lightly wounded.
You hear some strange, mumbled words.
You are confused.
The orc barely misses you. x2
You bump into the rock wall.
Something hits you!
You die...

#.... ......
.#.... #.... ...
##.. ###.# #....
#...# .#....
####{### .. ...
#oo@.#
...##.##.#######
...............
...##....#######
..####..######
.....oo......#
...#..##.:##...
........#.......
................


You could see 2 orcs.

Vanquished Creatures
  An ooze (D:1)
  3 orcs (D:3)
  4 bats (D:1)
  2 giant cockroaches
  2 goblins (D:1)
  6 hobgoblins
  A ball python (D:1)
  3 frilled lizards (D:1)
  A kobold (D:1)
  A rat (D:1)
24 creatures vanquished.

Vanquished Creatures (others)
  A frilled lizard (D:1)
1 creature vanquished.

Grand Total: 25 creatures vanquished

Notes
Turn   | Place    | Note
-------+----------+-------------------------------------------
     0 | D:1      | Spinowolf the Draconian Transmuter began the quest for the
                  | Orb.
     0 | D:1      | Reached XP level 1. HP: 16/16 MP: 3/3
   190 | D:1      | Gained mutation: Your magical capacity is low. (-10% MP)
                  | [potion of mutation]
   190 | D:1      | Gained mutation: You are dopey. (Int -2) [potion of
                  | mutation]
   190 | D:1      | Gained mutation: Your system is resistant to poisons.
                  | (rPois) [potion of mutation]
   269 | D:1      | Reached XP level 2. HP: 23/23 MP: 2/4
   841 | D:2      | Found an ornate altar of the Wu Jian Council.
   851 | D:2      | Became a worshipper of the Wu Jian Council
  1060 | D:2      | You fall into a shaft and drop 1 floor!
  1082 | D:3      | Reached XP level 3. HP: 10/28 MP: 3/5
  1089 | D:3      | Slain by an orc wizard

Levels and vault maps discovered:
D:1:      lemuel_arrival_muddy, layout_loops_ring, lemuel_old_faithful
D:2:      layout_basic, lemuel_coloured_pillars_altar,
          okawaru_metal_pillars_1_2, uniq_natasha, uniq_crazy_yiuf_cottage
D:3:      layout_rooms, lemuel_crystal_altar,
          gammafunk_temple_overflow_elements, gammafunk_temple_overflow_claw,
          gup_sewer_entry_bubbles, minmay_misc_feat_chi,
          nicolae_qazlal_general_emergency, uniq_robin, uniq_terence

Skill      XL: |  1  2  3 |
---------------+----------+-----
Dodging        | 2 |  2.0
Fighting       | |  1.1
Short Blades   | |  0.2
Unarmed Combat | |  3.5
Spellcasting   | |  2.2
Transmutations | |  2.5

Action                   || total
-------------------------++-------
Melee: Unarmed           ||    36
       Tailslap          ||    10
       Headbutt          ||     5
       Punch             ||     2
       Dagger            ||    32
       Kick              ||     4
 Cast: Beastly Appendage ||    22
Evoke: Wand              ||     1
  Use: Scroll            ||     7
       Potion            ||     3
  Eat: Ration            ||     1
Armor: Skin              ||    24
Dodge: Dodged            ||    40
